 Dungeon Crawl Stone Soup version 0.30-a0-629-gd54f4be4f7 (webtiles) character file.

Game seed: 6265502331316930022

7 bmack86 the Trooper (level 1, 0/20 HPs)
             Began as a Minotaur Fighter on Jan 12, 2023.
             Succumbed to a kobold's curare-tipped dart
             ... on level 1 of the Dungeon.
             The game lasted 00:00:18 (31 turns).

bmack86 the Trooper (Minotaur Fighter)                Turns: 31, Time: 00:00:19

Health: 0/20       AC:  7    Str: 20    XL:     1   Next: 91%
Magic:  0/0        EV:  9    Int:  5    God:
Gold:   3          SH:  4    Dex:  9    Spells: 0/0 levels left

rFire   . . .      SeeInvis .    a - +0 war axe
rCold   . . .      Faith    .    c - +0 buckler
rNeg    . . .      Spirit   .    b - +0 scale mail
rPois   .          Reflect  .    (helmet restricted)
rElec   .          Harm     .    (no cloak)
rCorr   .          Rampage  .    (no gloves)
Will    .....                    (no boots) Stlth
                                 (no amulet)
HPRegen 0.23/turn                (no ring)
MPRegen 0.07/turn                (no ring)

@: lethally poisoned (0 -> -3), slowed, very slow
A: horns 2, retaliatory headbutt
a: no special abilities


You were on level 1 of the Dungeon.
You visited 1 branch of the dungeon, and saw 1 of its levels.

You collected 3 gold pieces.

Inventory:

Hand Weapons
 a - a +0 war axe (weapon)
Armour
 b - a +0 scale mail (worn)
 c - a +0 buckler (worn)
Potions
 d - a potion of might


   Skills:
 * Level 3.8 Fighting
 * Level 2.8 Axes
 + Level 3.7 Armour
 + Level 3.7 Shields


You couldn't memorise any spells.
You didn't know any spells.
Your spell library was empty.

Dungeon Overview and Level Annotations

Branches:
Dungeon (1/15)

Altars:


Innate Abilities, Weirdness & Mutations

You have a pair of horns on your head.
You reflexively headbutt those who attack you in melee.


Message History

You block the jackal's attack.
You hit the jackal.
You kill the jackal!
You hit the jackal. x2
A kobold comes into view.
It is wielding a +0 short sword and quivering curare-tipped darts.
The jackal closely misses you. The jackal barely misses you.
The jackal closely misses you. You furiously retaliate!
You headbutt the jackal!
You kill the jackal!
The kobold shouts!
The jackal barely misses you. x2; You furiously retaliate!
You headbutt the jackal!
You kill the jackal!
The endoplasm hits you.
You see here a jackal corpse.
You barely miss the endoplasm. The endoplasm freezes you.
You are frozen.
You hit the endoplasm. You headbutt the endoplasm.
The endoplasm is severely wounded.
The endoplasm jiggles.
The endoplasm hits you but does no damage.
You hit the endoplasm.
You kill the endoplasm!
The kobold throws a curare-tipped dart.
The curare-tipped dart hits you.
You are lethally poisoned!
You have difficulty breathing.
You feel yourself slow down.
A goblin comes into view. It is wielding a +0 dagger.
The goblin shouts!
You hit the kobold. You headbutt the kobold.
You kill the kobold!
* * * LOW HITPOINT WARNING * * *
You feel very sick.
* * * LOW HITPOINT WARNING * * *
You feel very sick.
Things that are here:
a +0 short sword; 3 curare-tipped darts
There is a lethal amount of poison in your body!
Okay, then.
You die...

###'### .#
###..(.(### .
#.(((((.(.#####.#
+..(..8((.(.'..#.#
##.(((((.((###...#
###...((#####.###
#########...#
..........####
.#.!....†)@..#
#.####.##g#......
#............
#......#..###
........ ...
.#........ ...
........#... ..
...#..........


You could see a goblin.

Vanquished Creatures
  An endoplasm (D:1)
  3 jackals (D:1)
  A kobold (D:1)
  A ball python (D:1)
6 creatures vanquished.

Notes
Turn   | Place    | Note
-------+----------+-------------------------------------------
     0 | D:1      | bmack86 the Minotaur Fighter began the quest for the Orb.
     0 | D:1      | Reached XP level 1. HP: 19/19 MP: 0/0
    30 | D:1      | HP: 1/20 [poisoned by a kobold (curare-tipped dart)]
    31 | D:1      | Succumbed to a kobold's curare-tipped dart

Illustrated notes

Levels and vault maps discovered:
D:1:      minmay_arrival_shattered_statue, layout_rooms,
          hellmonk_ecumenical_altar_inner_sanctum

Action                   || total
-------------------------++-------
Melee: War axe           ||     7
       Headbutt          ||     2
Armor: Scale mail        ||     3
Dodge: Dodged            ||     8
Block: Buckler           ||     1

Table legend: (Time is in decaauts)
 A = Elapsed time spent in this place.
 B = Non-inter-level travel time spent in this place.
 C = Inter-level travel time spent in this place.
 D = Time resting spent in this place.
 E = Time spent auto-exploring this place.
 F = Levels seen in this place.
 G = Mean time per level.
                   A        B        C        D        E       F      G
               +--------+--------+--------+--------+--------+-----+--------+
         Total |     34 |     34 |      0 |      0 |     13 |   1 |   34.0 |
       Dungeon |     34 |     34 |      0 |      0 |     13 |   1 |   34.0 |
               +--------+--------+--------+--------+--------+-----+--------+

Top non-repeatable levels by time:
     D:1: 34 daAuts
